 Dungeon Crawl Stone Soup version 0.21-a0-529-g8c7b3f5 (webtiles) character file.

21 shroudfire the Ducker (level 2, -1/16 HPs)
             Began as a Spriggan Abyssal Knight on Dec 9, 2017.
             Was a Follower of Lugonu.
             Slain by an adder (5 damage)
             ... on level 3 of the Dungeon.
             The game lasted 00:17:57 (1495 turns).

shroudfire the Ducker (Spriggan Abyssal Knight)     Turns: 1495, Time: 00:17:57

Health: -1/16      AC:  2    Str:  8    XL:     2   Next: 62%
Magic:  4/4        EV: 19    Int: 13    God:    Lugonu [*.....]
Gold:   51         SH:  0    Dex: 15    Spells: 1/1 levels left

rFire    . . .     SeeInvis +   a - +1 short sword
rCold    . . .     Gourm    .   (shield restricted)
rNeg     + . .     Faith    .   b - +0 robe
rPois    .         Spirit   .   (helmet restricted)
rElec    .         Reflect  .   (no cloak)
rCorr    .         Harm     .   (gloves unavailable)
MR       .....                  (boots unavailable)
Stlth    +.........             (no amulet)
HPRegen  0.05/turn              c - ring of positive energy
MPRegen  0.09/turn              (no ring)

@: lethally poisoned (-1 -> -7), very quick
A: very small, unfitting armour, see invisible, herbivore 3, speed 3, slow
metabolism 2
a: Depart the Abyss, Renounce Religion


You were on level 3 of the Dungeon.
You worshipped Lugonu.
Lugonu was aware of your devotion.
You were very full.

You visited 1 branch of the dungeon, and saw 3 of its levels.
You visited the Abyss 1 time.

You collected 51 gold pieces.

Inventory:

Hand Weapons
 a - a +1 short sword (weapon)
 e - a +0 short sword
 g - a +0 club
 h - a +0 whip
 i - a +0 short sword {oooo}
 k - a +0 spear
Missiles
 f - 70 stones (quivered)
 r - 15 arrows
Armour
 b - a +0 robe (worn)
 o - a +0 robe
 q - a +0 leather armour {help}
Jewellery
 c - a ring of positive energy (left hand)
Scrolls
 j - 2 scrolls of teleportation {unknown}
 p - a scroll of enchant weapon {unknown}
Potions
 n - a potion of flight {unknown}
Comestibles
 d - 2 fruits
 l - a royal jelly
 m - a meat ration


   Skills:
 + Level 2.9 Fighting
 + Level 2.5 Short Blades
 + Level 3.9 Dodging
 + Level 1.9 Invocations


You had one spell level left.
You didn't know any spells.

Dungeon Overview and Level Annotations

Branches:
Dungeon (3/15)

Altars:


Innate Abilities, Weirdness & Mutations

You are very small and have problems with some larger weapons.
You are too small for most types of armour.
You have supernaturally acute eyesight. (SInv)
You are a herbivore.
You cover ground extremely quickly.
You need consume almost no food.


Message History

You barely miss the worm. The worm closely misses you.
You hit the worm but do no damage. You hit the worm.
The worm is lightly wounded.
The worm completely misses you.
You hit the worm but do no damage. You puncture the worm!
The worm is moderately wounded.
The worm bites you.
You hit the worm but do no damage.
The worm is moderately wounded.
The adder bites you.
You are poisoned.
The adder poisons you!
You hit the worm.
The worm is heavily wounded.
* * * LOW HITPOINT WARNING * * *
You feel sick. The worm misses you. The adder completely misses you.
The adder bites you.
You die...

### ####.# .....#
####.# ## #.# ...
#.# #.########## .
#.#..#.#..w.....#
##
#.#.....g.g.S@..#
#.####.#.########
#......#.#
####......#g#
...........g#
.###.####.S.#######
...............>.
#.#.####...#######
#.#.#...........


You could see a worm, an adder, a hobgoblin and a goblin.

Vanquished Creatures
  A worm (D:3)
  An orc (D:2)
  3 giant cockroaches
  2 goblins
  3 hobgoblins (D:2)
  2 frilled lizards
  A kobold (D:1)
  3 rats
  A fungus (D:1)
17 creatures vanquished.

Notes
Turn   | Place    | Note
-------+----------+-------------------------------------------
     0 | Abyss:1  | shroudfire the Spriggan Abyssal Knight began the quest for the Orb.
     0 | Abyss:1  | Reached XP level 1. HP: 11/11 MP: 3/3
     2 | D:1      | Escaped the Abyss
   518 | D:2      | Reached XP level 2. HP: 16/16 MP: 4/4
   535 | D:2      | Reached * piety under Lugonu
  1495 | D:3      | Slain by an adder

Vault maps used:
D:1:      scummos_arrival_checkerplants, nemelex_diamond_rough_becter
D:2:      st_stairs_1, kennysheep_generic_room_14
D:3:      first_bread

Action                   || total
-------------------------++-------
Melee: Short sword       ||    99
       Whip              ||     5
Invok: Depart the Abyss  ||     1
  Use: Scroll            ||     1
  Eat: Bread ration      ||     1
       Fruit             ||     1
Armor: Robe              ||     6
Dodge: Dodged            ||    56

Table legend:
 A = Spawn XP
 B = Non-spawn XP
 C = Spawn XP percentage of total XP
 D = Spawn monster count
 E = Non-spawn monster count
 F = Spawn count percentage of total count
 G = Total turns spent on level
                    A         B        C        D         E        F      G
               +---------+---------+-------+---------+---------+-------+---------
         Total |       0 |      30 |   0.0 |       0 |      16 |   0.0 |  1495
               +---------+---------+-------+---------+---------+-------+---------
           D:1 |       0 |       8 |   0.0 |       0 |       6 |   0.0 |   435
           D:2 |       0 |      16 |   0.0 |       0 |       8 |   0.0 |   871
           D:3 |       0 |       6 |   0.0 |       0 |       2 |   0.0 |   187
               +---------+---------+-------+---------+---------+-------+---------
